 Dungeon Crawl Stone Soup version 0.30-a0-779-g7971cf19c3 (webtiles) character file.

Game seed: 14554877512248238676

9 Esekla the Sneak (level 2, 21/21 HPs)
             Began as an Octopode Delver on Feb 17, 2023.
             Quit the game on level 5 of the Dungeon.
             The game lasted 00:02:02 (205 turns).

Esekla the Sneak (Octopode Delver)                   Turns: 205, Time: 00:02:02

Health: 21/21      AC:  1    Str: 11    XL:     2   Next: 16%
Magic:  2/2        EV: 13    Int: 12    God:
Gold:   18         SH:  0    Dex: 13    Spells: 1/1 levels left

rFire   . . .      SeeInvis .    a - +0 falchion
rCold   . . .      Faith    .    (no shield)
rNeg    . . .      Spirit   .    (helmet restricted)
rPois   .          Reflect  .    (no amulet)
rElec   .          Harm     .    (no ring)
rCorr   .          Rampage  .    (no ring)
Will    .....                    (no ring)
Stlth   ++++                     (no ring)
HPRegen 0.23/turn                (no ring)
MPRegen 0.08/turn                (no ring)
                                 (no ring)
                                 (no ring)

@: hasted, very quick
A: almost no armour, amphibious, 8 rings, camouflage 1, gelatinous body 1,
(nimble swimmer 1), tentacles
a: no special abilities


You were on level 5 of the Dungeon.
You visited 1 branch of the dungeon, and saw 1 of its levels.

You collected 18 gold pieces.

Inventory:

Hand Weapons
 a - a +0 falchion (weapon)
Wands
 f - a wand of digging (3)
Scrolls
 b - a scroll of fog
 c - a scroll of silence {unknown}
 h - a scroll of identify {unknown}
Potions
 g - a potion of cancellation {unknown}


   Skills:
 * Level 3.0 Fighting
 * Level 2.0 Long Blades
 * Level 2.0 Dodging
 + Level 7.1 Stealth


You had one spell level left.
You didn't know any spells.
Your spell library was empty.

Dungeon Overview and Level Annotations

Branches:
Dungeon (5/15)
 Temple: D:4-7

Altars:
Elyvilon


Innate Abilities, Weirdness & Mutations

You cannot wear most types of armour.
You are amphibious.
You can wear up to eight rings at the same time.
Your skin changes colour to match your surroundings (Stealth+).
Your rubbery body absorbs attacks. (AC +1, EV +1)
((You are camouflaged when in or above water. (Stealth+)))
You have tentacles for arms and can constrict up to eight enemies at once.


Message History

Found a scroll labelled ECVAIS JADO.
You hear the slow hiss of a distant avalanche of sand.
c - a scroll labelled ECVAIS JADO
Found a stone staircase leading down.
There is a stone staircase leading down here.
An ogre comes into view. It is wielding a +0 giant club.
Found a mace.
A howler monkey zombie comes into view.
A scorpion zombie comes into view.
Found a scroll labelled ICZIPE ROASO.
The howler monkey zombie misses you.
You slash the howler monkey zombie! You grab the howler monkey zombie.
You squeeze the howler monkey zombie!
The howler monkey zombie is severely damaged.
You hear the slow hiss of a very distant avalanche of sand.
You constrict the howler monkey zombie. The howler monkey zombie hits you.
You hit the howler monkey zombie.
You destroy the howler monkey zombie!
Your Stealth skill increases to level 7!
You have reached level 2!
You see here a scroll labelled ICZIPE ROASO.
h - a scroll labelled ICZIPE ROASO The ogre shouts!
As you read the scroll of fear, it crumbles to dust.
You assume a fearsome visage.
The ogre looks frightened!
There is a stone staircase leading down here.
Found a robe.
An ice beast comes into view.
An adder comes into view.
You hear the hiss of a distant avalanche of sand.
You feel yourself speed up.
An ogre, a hound and an iguana come into view.
Found 13 gold pieces.
The iguana hisses angrily.
A scorpion comes into view.
The adder hisses angrily.
Found a mace.
The adder closely misses you.
Found a fizzy ruby potion.
Found a white marble altar of Elyvilon.
Are you sure you want to abandon this character and quit the game? (Confirm with "yes".)

,,,,,**,***,*,,**
,,,,,**,**,,*,,.##
,,,,,**,,,,,,,,..#
,,,,,***,**#+#*#.#
,,,..***,* #.# #.#
,,,...##.**#.#*#.#
,,,,..#..+,._.,+.##
,,,,,....#*###*#..#
**#,**#..# ### #@.#
#.####.#######..#
#....#.....S....#
***#........##..#
########..........#
..............##..#
#################.#
******##*
**,,,*,,,**


There were no monsters in sight!

Vanquished Creatures
  A howler monkey zombie (D:5)
1 creature vanquished.

Notes
Turn   | Place    | Note
-------+----------+-------------------------------------------
     0 | D:5      | Esekla the Octopode Delver began the quest for the Orb.
     0 | D:5      | Reached XP level 1. HP: 16/16 MP: 1/1
     6 | D:5      | Noticed a necrophage
    67 | D:5      | Noticed an ogre
   103 | D:5      | Reached skill level 7 in Stealth
   103 | D:5      | Reached XP level 2. HP: 18/21 MP: 2/2
   148 | D:5      | Noticed an ice beast
   166 | D:5      | Noticed an ogre
   168 | D:5      | Noticed a scorpion
   198 | D:5      | Found a white marble altar of Elyvilon.
   205 | D:5      | Quit the game

Illustrated notes

Levels and vault maps discovered:
D:5:      layout_rooms, lemuel_doored_altar, lemuel_zombie_altar_yredelemnul,
          gup_ossuary_entry_pyramid

Skill      XL: |  1 |
---------------+----+-----
Stealth        | 7 |  7.1
Fighting       | |  3.0
Long Blades    | |  2.0
Dodging        | |  2.0

Action                     || total
---------------------------++-------
  Melee: Falchion          ||     2
         Constrict         ||     1
         Tentacles         ||     1
    Use: Scroll            ||     2
         Potion            ||     1
  Dodge: Dodged            ||     2

Table legend: (Time is in decaauts)
 A = Elapsed time spent in this place.
 B = Non-inter-level travel time spent in this place.
 C = Inter-level travel time spent in this place.
 D = Time resting spent in this place.
 E = Time spent auto-exploring this place.
 F = Levels seen in this place.
 G = Mean time per level.
                   A        B        C        D        E       F      G
               +--------+--------+--------+--------+--------+-----+--------+
         Total |    190 |    190 |      0 |      0 |      0 |   1 |  190.0 |
       Dungeon |    190 |    190 |      0 |      0 |      0 |   1 |  190.0 |
               +--------+--------+--------+--------+--------+-----+--------+

Top non-repeatable levels by time:
     D:5: 190 daAuts
